[Event "Titled Tuesday Blitz February 21 Late 2023"]
[White "Salimova, Nurgyul"]
[Black "Sztokbant, Bernardo Vainzoff"]
[WhiteFideId "2915138"]
[BlackFideId "2115956"]
[WhiteElo "2391"]
[BlackElo "2213"]
[Result "1-0"]
[Round "09"]
[TimeControl "180+2"]
[Date "2023.02.21"]
[WhiteClock "0:00:04"]
[BlackClock "0:00:01"]

1. d4 d5 2. Nf3 Nf6 3. c4 e6 4. g3 Be7 5. Bg2 O-O 6. O-O dxc4 7. Qc2 a6 8. a4 Bd7 9. Rd1 Bc6 10. Bg5 Nbd7 11. Qxc4 Nb6 12. Qc2 Be4 13. Qc1 a5 14. Nc3 Bc6 15. Bxf6 Bxf6 16. e4 Qe8 17. Qc2 Be7 18. d5 Bd7 19. Nd4 exd5 20. exd5 Bf6 21. Ndb5 Qd8 22. Ne4 Bxb5 23. axb5 Be5 24. h4 Qd7 25. Ng5 g6 26. h5 Qxb5 27. hxg6 hxg6 28. Qe4 Bf6 29. Ne6 fxe6 30. Qxg6+ Bg7 31. Bh3 Rf6 32. Bxe6+ Kf8 33. Qh7 Bh6 34. Re1 Qxb2 35. Qh8+ Ke7 36. Bf5+ Kd6 37. Re6+ Kc5 38. Qxf6 Qxf6 39. Rxf6 Bg7 40. Rc1+ Kb4 41. Rf7 Be5 42. f4 Bd6 43. Rb1+ Kc3 44. Kf2 a4 45. Rh7 a3 46. Rhh1 a2 47. Rhc1+ 1-0


[Site "https://www.chess.com"]

[Event "Titled Tuesday Blitz February 21 Late 2023"]
[White "Veiga, Jose Francisco R P Neves"]
[Black "Rorrer, Grayson"]
[WhiteFideId "1930087"]
[BlackFideId "30944996"]
[WhiteElo "2406"]
[BlackElo "2263"]
[Result "0-1"]
[Round "09"]
[TimeControl "180+2"]
[Date "2023.02.21"]
[WhiteClock "0:00:01"]
[BlackClock "0:00:03"]

1. b3 e5 2. Bb2 Nc6 3. e3 d5 4. Bb5 Bd6 5. Nf3 f6 6. c4 Ne7 7. cxd5 Nxd5 8. O-O O-O 9. Bc4 Be6 10. e4 Nf4 11. Bxe6+ Nxe6 12. Nc3 Bc5 13. Nd5 Ncd4 14. Rc1 c6 15. Ne3 Nxf3+ 16. Qxf3 Qxd2 17. Rc2 Qd7 18. Rd1 Nd4 19. Qh5 Bb6 20. Rcd2 g6 21. Qh6 Qg7 22. Qh3 Rad8 23. Nc4 Bc5 24. Kf1 b5 25. Na5 Rd6 26. Qc3 Bb6 27. b4 Qc7 28. Nb3 Rfd8 29. Nc5 a5 30. a3 axb4 31. axb4 Qf7 32. h3 Ra8 33. Nb3 Rad8 34. Nc5 Qe7 35. g4 Kg7 36. Kg2 Ra8 37. Nb3 Rad8 38. Nc5 Qf7 39. f3 Bxc5 40. Qxc5 Qd7 41. Bxd4 Rxd4 42. Rxd4 exd4 43. Rd3 Kf7 44. e5 Qd5 45. Qa7+ Rd7 46. Qb8 Qxe5 47. Qb6 Qe2+ 48. Kg3 Qxd3 49. Qxc6 Re7 50. Qd5+ Kg7 51. Qxb5 Qxb5 0-1


[Site "https://www.chess.com"]

[Event "Titled Tuesday Blitz February 21 Late 2023"]
[White "Postma, Dinant"]
[Black "Preotu, Razvan"]
[WhiteFideId "1018612"]
[BlackFideId "2613280"]
[WhiteElo "2131"]
[BlackElo "2475"]
[Result "1-0"]
[Round "09"]
[TimeControl "180+2"]
[Date "2023.02.21"]
[WhiteClock "0:00:54"]
[BlackClock "0:00:26"]

1. d4 Nf6 2. Bf4 d5 3. e3 c5 4. c3 Nc6 5. Nd2 Bf5 6. Ngf3 Qb6 7. dxc5 Qxb2 8. Nd4 e5 9. Nxf5 exf4 10. exf4 Bxc5 11. Rb1 Qxa2 12. Nxg7+ Kf8 13. Nf5 Re8+ 14. Be2 d4 15. cxd4 Bb4 16. Rxb4 Nxb4 17. O-O Nbd5 18. Bc4 Qb2 19. Bxd5 Nxd5 20. Nc4 Qe2 21. Qb3 Ne7 22. Ne5 1-0


[Site "https://www.chess.com"]

[Event "Titled Tuesday Blitz February 21 Late 2023"]
[White "Bjelobrk, Igor"]
[Black "ArchibaldCerveza29"]
[WhiteFideId "4300726"]
[WhiteElo "2403"]
[BlackElo "2503"]
[Result "1-0"]
[Round "09"]
[TimeControl "180+2"]
[Date "2023.02.21"]
[WhiteClock "0:00:13"]
[BlackClock "0:00:03"]

1. d4 d5 2. c4 e6 3. g3 Nf6 4. Bg2 Be7 5. Nf3 O-O 6. O-O dxc4 7. Qc2 a6 8. a4 Bd7 9. Rd1 Bc6 10. Nc3 a5 11. e4 Na6 12. Ne5 Nb4 13. Qe2 Qe8 14. Qxc4 Rd8 15. Bf4 Rc8 16. d5 exd5 17. exd5 Bd7 18. Nxd7 Qxd7 19. Rd2 Rfe8 20. Rad1 Bd6 21. Bg5 Qf5 22. Bxf6 Qxf6 23. Ne4 Qg6 24. b3 Rcd8 25. Nc3 Re5 26. Bf3 Rde8 27. Kg2 h5 28. h4 Re1 29. Rxe1 Rxe1 30. Re2 Rxe2 31. Qxe2 Qf6 32. Ne4 Qe5 33. Qb5 Bf8 34. Qxb7 Nd3 35. Ng5 Ne1+ 36. Kf1 Qa1 37. Ke2 Nc2 38. Qa7 Nd4+ 39. Kd3 Nxb3 40. Qxc7 Qd4+ 41. Ke2 Qb2+ 42. Kf1 Nd2+ 43. Kg2 Qf6 44. Qc2 Bb4 45. Qh7+ Kf8 46. Qh8+ Ke7 47. Qxh5 Bd6 48. Qg4 Nxf3 49. Nxf3 Qe5 50. Nxe5 Bxe5 1-0


[Site "https://www.chess.com"]

[Event "Titled Tuesday Blitz February 21 Late 2023"]
[White "Perske, Thore"]
[Black "Hernandez Sanchez, Elvis De La Caridad"]
[WhiteFideId "12902195"]
[BlackFideId "6400353"]
[WhiteElo "2448"]
[BlackElo "2243"]
[Result "0-1"]
[Round "09"]
[TimeControl "180+2"]
[Date "2023.02.21"]
[WhiteClock "0:00:12"]
[BlackClock "0:00:09"]

1. e4 c5 2. Nf3 d6 3. g3 Nf6 4. d3 g6 5. Bg2 Bg7 6. O-O O-O 7. Nc3 Nc6 8. h3 Rb8 9. a4 a6 10. Be3 b5 11. axb5 axb5 12. Qd2 b4 13. Nd1 e5 14. Bh6 d5 15. Bxg7 Kxg7 16. exd5 Nxd5 17. Ne3 Be6 18. Ra6 Qc8 19. Rfa1 Nde7 20. Ng5 Bd7 21. Ne4 Nd4 22. Nc4 Bxh3 23. Nxe5 Bxg2 24. Kxg2 Qf5 25. Nc4 Qf3+ 26. Kg1 Qh5 27. Qd1 Qxd1+ 28. Rxd1 Nxc2 29. Nxc5 Rfd8 30. Ra7 Nc6 31. Rc7 Rbc8 32. Ne6+ Kf6 33. Rxc6 fxe6 34. Rb6 Rb8 35. Rxb8 Rxb8 36. d4 Rd8 37. d5 exd5 38. Nb6 d4 39. Kg2 d3 40. Kf3 b3 41. Ke4 Nb4 42. Nc4 Re8+ 43. Kd4 Rd8+ 44. Kc3 Nc2 45. Rxd3 Rxd3+ 46. Kxd3 Ne1+ 47. Ke2 Nc2 48. Kd3 Ne1+ 49. Kc3 g5 50. Kxb3 h5 51. Ne3 h4 52. Kc3 h3 53. Ng4+ Kf5 54. Nh2 g4 55. Kd2 Nf3+ 56. Nxf3 gxf3 57. Ke3 h2 58. Kxf3 h1=Q+ 59. Ke3 Qb1 60. b4 Qc1+ 61. Kf3 Qb2 62. Kg2 Qxb4 63. f3 Kf6 64. Kh3 Qb2 65. g4 Qc3 66. Kh4 Kg6 67. g5 Qe5 68. f4 Qxf4+ 0-1


[Site "https://www.chess.com"]

[Event "Titled Tuesday Blitz February 21 Late 2023"]
[White "Zochowski, Kacper"]
[Black "Timmermans, Mark"]
[WhiteFideId "1125494"]
[BlackFideId "1026399"]
[WhiteElo "2262"]
[BlackElo "2392"]
[Result "0-1"]
[Round "09"]
[TimeControl "180+2"]
[Date "2023.02.21"]
[WhiteClock "0:00:10"]
[BlackClock "0:00:15"]

1. Nf3 Nf6 2. c4 e6 3. g3 d5 4. Bg2 Be7 5. O-O O-O 6. b3 b6 7. Bb2 Bb7 8. e3 Nbd7 9. Nc3 dxc4 10. bxc4 c5 11. Qe2 Rc8 12. d3 Qc7 13. Ne1 Rfd8 14. f4 Bxg2 15. Nxg2 Nb8 16. g4 Nc6 17. g5 Ne8 18. Ne4 Qb7 19. Rab1 Nb4 20. Nf2 Nxa2 21. Bxg7 Nxg7 22. Qxa2 Nf5 23. Qe2 Bf8 24. Rfd1 Bg7 25. Ne4 Rc7 26. Qg4 Qc6 27. Ng3 Qxg2+ 28. Kxg2 Nxe3+ 29. Kf3 Nxg4 30. Kxg4 Rcd7 31. Rb3 h6 32. h4 f5+ 33. gxf6 Bxf6 34. Ra3 Kf7 35. Ne4 Rg8+ 36. Kf3 a5 37. Rb3 Bd8 38. Nf2 Rd4 39. Ng4 Rh8 40. Ne5+ Kf6 41. Nc6 Rd6 42. Ne5 Bc7 43. Rg1 Rdd8 44. Rg6+ Kf5 45. Rg7 Bxe5 46. fxe5 a4 47. Rxb6 Rxd3+ 48. Ke2 Rb3 49. Ra6 Rb4 50. Re7 Rxc4 51. Rexe6 Rg8 52. Rxh6 Rg2+ 53. Kd3 Rd4+ 54. Kc3 Rg3+ 55. Kb2 Rb4+ 56. Kc2 Kxe5 57. Rhb6 Rc4+ 58. Kb2 Kd5 59. Rd6+ Ke4 60. Re6+ Kd3 61. Red6+ Rd4 62. h5 Rg2+ 63. Ka3 Rh2 64. h6 Kc4 65. Rxa4+ Kc3 66. Raxd4 cxd4 67. Rc6+ Kd2 68. Kb4 d3 69. Re6 Rh4+ 70. Kc5 Kc2 71. Rd6 d2 72. Kc6 Rxh6 73. Rxh6 d1=Q 74. Rd6 Qf3+ 75. Kc7 Kc3 76. Rc6+ Kd4 77. Rd6+ Kc5 78. Rd7 Qf6 79. Kc8 Kc6 80. Rc7+ Kb6 81. Rd7 Qe6 82. Kd8 Qg8+ 83. Ke7 Kc6 84. Rd6+ Kc7 85. Rd7+ Kc8 86. Rd6 Qg7+ 87. Ke6 Kc7 88. Rd5 Qg4+ 89. Ke5 Kc6 90. Rd6+ Kc5 91. Rd5+ Kc4 92. Rd6 Qg3+ 93. Ke6 Kc5 94. Rd5+ Kc6 95. Re5 Qg6+ 96. Ke7 Qd6+ 0-1


[Site "https://www.chess.com"]

[Event "Titled Tuesday Blitz February 21 Late 2023"]
[White "Averjanov, Alexey"]
[Black "Mazurkiewicz, Michal"]
[WhiteFideId "14109867"]
[BlackFideId "1124943"]
[WhiteElo "2399"]
[BlackElo "2145"]
[Result "1-0"]
[Round "09"]
[TimeControl "180+2"]
[Date "2023.02.21"]
[WhiteClock "0:01:07"]
[BlackClock "0:00:04"]

1. d4 Nf6 2. c4 e5 3. dxe5 Ng4 4. Nf3 Bc5 5. e3 Nc6 6. b3 O-O 7. Bb2 Re8 8. Be2 a5 9. Nc3 Ncxe5 10. Nxe5 Nxe5 11. O-O Ra6 12. Nd5 Rh6 13. Nf4 d6 14. Bd4 Bxd4 15. Qxd4 Qg5 16. g3 Bg4 17. Qd1 Bxe2 18. Qxe2 c6 19. Rad1 Qf6 20. h4 g5 21. hxg5 Qxg5 22. Kg2 Qf5 23. Rh1 Rxh1 24. Rxh1 Qe4+ 25. f3 Qf5 26. Rh5 Qf6 27. Qc2 Ng6 28. Kf2 Qe7 29. Qd3 Qf6 30. Rf5 Qb2+ 31. Ne2 Ne5 32. Qxd6 Ng6 33. Qd7 Rf8 34. Qxb7 Ne5 35. e4 Nd3+ 36. Ke3 Ne1 37. Qxc6 Qc3+ 38. Nxc3 1-0


[Site "https://www.chess.com"]

[Event "Titled Tuesday Blitz February 21 Late 2023"]
[White "Kanakaris, Georgios"]
[Black "Pino Perez, Lazaro"]
[WhiteFideId "4209460"]
[BlackFideId "3517055"]
[WhiteElo "2391"]
[BlackElo "2142"]
[Result "1-0"]
[Round "09"]
[TimeControl "180+2"]
[Date "2023.02.21"]
[WhiteClock "0:00:17"]
[BlackClock "0:00:03"]

1. e4 c5 2. Nf3 g6 3. Nc3 Bg7 4. Bc4 Nc6 5. h4 h5 6. Ng5 e6 7. d3 Nge7 8. a3 d5 9. Ba2 a6 10. Bd2 b5 11. O-O O-O 12. Rb1 Nd4 13. Ne2 Nxe2+ 14. Qxe2 Nc6 15. c3 dxe4 16. dxe4 c4 17. Rbd1 e5 18. Be3 Qe7 19. Rd5 Re8 20. Bc5 Qc7 21. Bd6 Qb7 22. Rfd1 f6 23. Nf3 Be6 24. R5d2 Rad8 25. Bc5 Qc7 26. Qe3 Rxd2 27. Rxd2 Kf7 28. a4 Qc8 29. Bb6 Bf8 30. Bb1 Qb7 31. Bc2 Rb8 32. a5 Rc8 33. Ne1 Re8 34. g3 Re7 35. Ng2 Rd7 36. Bd1 Rxd2 37. Qxd2 Qd7 38. Qc2 Be7 39. Ne3 Bd8 40. Bf3 Bxb6 41. axb6 Qb7 42. Nd5 1-0


[Site "https://www.chess.com"]

[Event "Titled Tuesday Blitz February 21 Late 2023"]
[White "Zhurbinsky, David"]
[Black "Guzman Moneo, Alberto"]
[WhiteFideId "2072904"]
[BlackFideId "2209616"]
[WhiteElo "2045"]
[BlackElo "2170"]
[Result "1-0"]
[Round "09"]
[TimeControl "180+2"]
[Date "2023.02.21"]
[WhiteClock "0:00:06"]
[BlackClock "0:00:09"]

1. e4 c5 2. Nf3 Nc6 3. c4 g6 4. d4 cxd4 5. Nxd4 Nf6 6. Nc3 d6 7. Be2 Nxd4 8. Qxd4 Bg7 9. Be3 O-O 10. Qd2 a5 11. O-O a4 12. Rac1 Qa5 13. f3 Be6 14. Kh1 Rfc8 15. b3 axb3 16. axb3 Qb4 17. Qc2 Ra3 18. Rb1 Ng4 19. Bd2 Ne3 20. Bxe3 Qxc3 21. Qxc3 Bxc3 22. f4 Bd7 23. Bf3 Bc6 24. Rfc1 Bb4 25. h4 h5 26. Kh2 Rca8 27. Kg3 Ra2 28. Bd4 R8a3 29. f5 Bc5 30. Bxc5 dxc5 31. Rd1 gxf5 32. exf5 Bxf3 33. Kxf3 b6 34. Rd7 Kf8 35. Rd8+ Kg7 36. Rb8 Rd2 37. Rxb6 Rd3+ 38. Ke4 Rg3 39. Rb2 Ra1 40. Kd5 Rf1 41. Kxc5 Rxf5+ 42. Kc6 e5 43. c5 e4 44. Kb7 e3 45. c6 Rf2 46. c7 Rxb2 47. c8=Q e2 48. Qe8 Rgxb3 49. Qe5+ Kg8 50. Qg5+ Kf8 51. Qh6+ Kg8 52. Qg5+ Kf8 53. Qd8+ Kg7 54. Qd4+ Kg8 55. Qd8+ Kg7 56. Qf6+ Kf8 57. Qh8+ Ke7 58. Qe5+ Kf8 59. Rxb3 Rxb3+ 60. Kc6 Rb1 61. Qxe2 Rc1+ 62. Kd7 Rc5 63. Qe7+ Kg8 64. Qxc5 1-0


[Site "https://www.chess.com"]

[Event "Titled Tuesday Blitz February 21 Late 2023"]
[White "Koutlas, Nikolaos"]
[Black "Thomforde-Toates, Noah"]
[WhiteFideId "25827138"]
[BlackFideId "30951992"]
[WhiteElo "2341"]
[BlackElo "2124"]
[Result "1-0"]
[Round "09"]
[TimeControl "180+2"]
[Date "2023.02.21"]
[WhiteClock "0:01:25"]
[BlackClock "0:00:15"]

1. Nf3 Nf6 2. g3 b5 3. Bg2 Bb7 4. O-O g6 5. a4 b4 6. a5 Na6 7. d4 Bg7 8. c4 bxc3 9. Nxc3 O-O 10. Re1 e6 11. e4 c5 12. d5 exd5 13. exd5 Nb4 14. d6 Re8 15. Be3 Qc8 16. Rc1 c4 17. Nb5 Nd3 18. Nc7 Nxc1 19. Qxc1 Re6 20. Qxc4 Rxd6 21. Ne5 Re6 22. Nxe6 Bxg2 23. Nxg7 Bd5 24. Qh4 Qc2 25. Qxf6 Qe4 26. f3 Qb4 27. Nd3 Qb3 28. Nf5 gxf5 29. Bh6 Qxd3 30. Qg7# 1-0


[Site "https://www.chess.com"]

[Event "Titled Tuesday Blitz February 21 Late 2023"]
[White "Fernandez Siles, Luis"]
[Black "Goroshkov, Maksym"]
[WhiteFideId "2209420"]
[BlackFideId "14142716"]
[WhiteElo "2218"]
[BlackElo "2287"]
[Result "0-1"]
[Round "09"]
[TimeControl "180+2"]
[Date "2023.02.21"]
[WhiteClock "0:00:05"]
[BlackClock "0:00:41"]

1. d4 Nf6 2. c4 e5 3. dxe5 Ng4 4. e3 Nxe5 5. Nh3 Nbc6 6. Nf4 Bb4+ 7. Bd2 Bxd2+ 8. Qxd2 d6 9. Nc3 O-O 10. Be2 Be6 11. b3 Bg4 12. Bxg4 Nxg4 13. O-O Qh4 14. h3 Nge5 15. Nfd5 Rac8 16. Nb5 a6 17. Nd4 Rfe8 18. f4 Nxd4 19. exd4 Nc6 20. Kh2 Ne7 21. g3 Qh5 22. Nxe7+ Rxe7 23. Rae1 Rce8 24. Rxe7 Rxe7 25. Re1 Kf8 26. Kg2 Qf5 27. g4 Qd7 28. Rxe7 Qxe7 29. Kf3 Qh4 30. Kg2 h5 31. Qe2 hxg4 32. hxg4 g6 33. d5 Qf6 34. Kg3 Qc3+ 35. Kh4 Qh8+ 36. Kg3 Qh1 37. g5 Qg1+ 38. Kf3 Qa1 39. Qh2 Qc3+ 40. Kg4 a5 41. Qe2 Qa1 0-1


[Site "https://www.chess.com"]

[Event "Titled Tuesday Blitz February 21 Late 2023"]
[White "The_Sherman_Variation"]
[Black "Mekhitarian, Krikor Sevag"]
[BlackFideId "2107660"]
[WhiteElo "2501"]
[BlackElo "2537"]
[Result "0-1"]
[Round "09"]
[TimeControl "180+2"]
[Date "2023.02.21"]
[WhiteClock "0:00:02"]
[BlackClock "0:00:05"]

1. d4 Nf6 2. Bf4 c5 3. d5 d6 4. c4 e5 5. Bg3 e4 6. Nc3 Be7 7. e3 O-O 8. Qc2 Bf5 9. Nge2 a6 10. a4 Qa5 11. Qd2 b5 12. Nxe4 Qxd2+ 13. Nxd2 bxc4 14. Nc3 Nh5 15. Nxc4 Nxg3 16. hxg3 Nd7 17. e4 Bg6 18. g4 Rab8 19. Kd1 Rb4 20. f3 Rfb8 21. Ra2 Bf6 22. Kc2 Be5 23. Na5 Kf8 24. Nc6 a5 25. Nxb8 Rxb8 26. Bb5 Ke7 27. Nd1 Bd4 28. Ra3 Nf6 29. Kc1 h5 30. g5 Nh7 31. Ne3 Nxg5 32. Nc4 Ra8 33. Rb3 Bf2 34. Bc6 Bg3 35. Bxa8 h4 36. Rb8 h3 37. gxh3 Nxf3 38. Nd2 Bf4 39. Rd1 Bxe4 40. Bc6 f5 41. Re8+ Kf6 42. b3 Bd3 43. Rf8+ Kg5 44. Ra8 Be2 45. Rxa5 Bxd1 46. Kxd1 Nxd2 47. Ra7 Nxb3 48. Rxg7+ Kf6 49. Rg2 c4 50. h4 Ke5 51. Kc2 Kd4 52. Bb5 Kxd5 53. h5 Kc5 54. h6 Bxh6 55. Rf2 Nd4+ 56. Kc3 Bg7 57. Kd2 Bh6+ 58. Kc3 Be3 59. Rh2 f4 60. Bd7 d5 61. Bg4 Nc6 62. Ra2 Bd4+ 63. Kd2 Na5 64. Ra3 Kb4 65. Rf3 Be3+ 66. Kc2 d4 67. Be6 Kxa4 68. Bxc4 Nxc4 69. Rf1 Kb4 70. Kd3 Nd6 71. Rb1+ Kc5 72. Ra1 Kd5 73. Ra5+ Ke6 74. Rc5 f3 75. Rh5 f2 76. Ke2 Ne4 77. Rh6+ Bxh6 0-1


[Site "https://www.chess.com"]

[Event "Titled Tuesday Blitz February 21 Late 2023"]
[White "Trost, Edvin"]
[Black "Ezat, Mohamed"]
[WhiteFideId "1729519"]
[BlackFideId "10600906"]
[WhiteElo "2399"]
[BlackElo "2402"]
[Result "1/2-1/2"]
[Round "09"]
[TimeControl "180+2"]
[Date "2023.02.21"]
[WhiteClock "0:00:16"]
[BlackClock "0:00:10"]

1. Nf3 Nf6 2. b3 g6 3. Bb2 Bg7 4. e3 O-O 5. Be2 d6 6. d4 e5 7. dxe5 Nfd7 8. c4 Nc6 9. Nc3 Ndxe5 10. O-O a5 11. Nxe5 Nxe5 12. Qd2 Bd7 13. Rad1 a4 14. Qc2 axb3 15. axb3 Bf5 16. e4 Bd7 17. Ra1 Qh4 18. Nd5 c6 19. Rxa8 Rxa8 20. Nb6 Ra2 21. Ra1 Rxa1+ 22. Bxa1 Bg4 23. Bxe5 Bxe5 24. g3 Qh5 25. Bxg4 Qxg4 26. Kg2 Bd4 27. Na4 Qe6 28. Qd3 Qf6 29. f3 h5 30. h4 Kg7 31. Qd2 Qe5 32. Qd3 Qf6 33. b4 Qe5 34. f4 Qf6 35. c5 dxc5 36. Nxc5 Bxc5 37. bxc5 Qb2+ 38. Kh3 Qc1 39. Qd4+ Kh7 40. Kg2 Qc2+ 41. Kf3 Qb3+ 42. Kf2 Qc2+ 43. Kf3 Qb3+ 44. Qe3 Qc4 45. Kf2 Qc2+ 46. Ke1 Qb1+ 47. Kd2 Qb2+ 48. Kd3 Qb3+ 49. Kd4 Qb2+ 50. Qc3 Qa2 51. Ke3 Qb1 52. Kd4 Qa2 53. Qd3 Kg7 54. Qe3 Qc2 55. Qc3 Qa2 56. f5 gxf5 57. exf5 Qg2 58. Ke5 Qd5+ 59. Kf4+ f6 60. Qe3 Kf7 61. g4 Qc4+ 62. Qe4 Qf1+ 63. Qf3 Qc1+ 64. Kg3 Qg1+ 65. Kh3 hxg4+ 66. Qxg4 Qf1+ 67. Kh2 Qf2+ 68. Kh3 Qf1+ 69. Kg3 Qg1+ 70. Kf4 Qd4+ 71. Kg3 Qg1+ 72. Kf3 Qd1+ 73. Kf4 Qd4+ 74. Kg3 Qg1+ 1/2-1/2


[Site "https://www.chess.com"]

[Event "Titled Tuesday Blitz February 21 Late 2023"]
[White "Manukyan, Sargis V."]
[Black "Oro, Faustino"]
[WhiteFideId "13303465"]
[BlackFideId "20000197"]
[WhiteElo "2253"]
[BlackElo "2269"]
[Result "0-1"]
[Round "09"]
[TimeControl "180+2"]
[Date "2023.02.21"]
[WhiteClock "0:00:28"]
[BlackClock "0:00:23"]

1. Nf3 Nf6 2. g3 g6 3. d4 Bg7 4. Bg2 O-O 5. O-O d6 6. b3 Nbd7 7. Bb2 c6 8. c4 Qc7 9. Nc3 e5 10. e4 exd4 11. Nxd4 Nc5 12. Qc2 Re8 13. Rfe1 a5 14. h3 Nfd7 15. Rad1 Na6 16. Kh2 Ndc5 17. Nde2 Be6 18. Nf4 Rad8 19. Nxe6 Nxe6 20. Ne2 Qb6 21. Bxg7 Kxg7 22. Qc3+ Kg8 23. Nd4 Nb4 24. Re2 Nxd4 25. Qxd4 Qc7 26. h4 c5 27. Qc3 h5 28. Red2 Nc6 29. f4 Nd4 30. Rxd4 cxd4 31. Rxd4 Re7 32. Rd5 b6 33. Qf6 Re6 34. Qd4 Rde8 35. a4 Qc6 36. Rg5 Kh7 37. Rb5 Rxe4 38. Bxe4 Rxe4 39. Qd5 Re2+ 40. Kg1 Qe8 41. Qf3 Re1+ 42. Kg2 Re2+ 43. Kg1 Rb2 44. Rg5 Qe1+ 45. Qf1 Qe3+ 46. Kh1 Qe4+ 47. Kg1 Rb1 48. Rb5 Rxf1+ 49. Kxf1 Qf3+ 50. Ke1 Qxg3+ 51. Kd2 Qxf4+ 52. Kc3 Qxh4 53. Rxb6 Qe1+ 54. Kd3 h4 55. c5 dxc5 56. Re6 Qxe6 0-1


[Site "https://www.chess.com"]

[Event "Titled Tuesday Blitz February 21 Late 2023"]
[White "Becerra, Juan David"]
[Black "Solon, Nathan"]
[WhiteFideId "4404998"]
[BlackFideId "2017229"]
[WhiteElo "2382"]
[BlackElo "2306"]
[Result "0-1"]
[Round "09"]
[TimeControl "180+2"]
[Date "2023.02.21"]
[WhiteClock "0:00:16"]
[BlackClock "0:00:18"]

1. d4 Nf6 2. c4 c5 3. dxc5 e6 4. Be3 Na6 5. a3 Nxc5 6. b4 Nce4 7. f3 Nd6 8. c5 Nf5 9. Bf2 d5 10. cxd6 Bxd6 11. e4 Ne7 12. Nc3 O-O 13. Rc1 a5 14. Nb5 Be5 15. Qxd8 Rxd8 16. Bb6 Rf8 17. Bc5 Re8 18. Nd6 Bxd6 19. Bxd6 axb4 20. axb4 Bd7 21. Bc4 Ng6 22. Ne2 Rec8 23. Kf2 Ne8 24. Bc5 Ne5 25. Bb3 Nd3+ 26. Ke3 Nxc1 27. Rxc1 Nc7 28. Rd1 Ba4 29. Bxa4 Rxa4 30. Rd7 h6 31. Nd4 Na6 32. Rxb7 Nxc5 33. bxc5 Rxc5 34. Rb8+ Kh7 35. Rb2 Rc3+ 36. Kd2 Rca3 37. Nc2 Ra2 38. Rb7 Rc4 0-1


[Site "https://www.chess.com"]

[Event "Titled Tuesday Blitz February 21 Late 2023"]
[White "Prydun, Andriy"]
[Black "Fiorito, Joaquin"]
[WhiteFideId "14145898"]
[BlackFideId "180173"]
[WhiteElo "2134"]
[BlackElo "2405"]
[Result "1-0"]
[Round "09"]
[TimeControl "180+2"]
[Date "2023.02.21"]
[WhiteClock "0:00:11"]
[BlackClock "0:00:04"]

1. e4 c6 2. d4 d5 3. e5 Bf5 4. Bd3 Bxd3 5. cxd3 e6 6. Nc3 Qb6 7. Nf3 Ne7 8. Ne2 Nf5 9. g4 Bb4+ 10. Kf1 Ne7 11. h4 Qd8 12. h5 Nd7 13. h6 g6 14. Bg5 O-O 15. Ng3 f6 16. exf6 Nxf6 17. Ne5 Nd7 18. Qa4 Bd6 19. Re1 Nxe5 20. dxe5 Bc5 21. Re2 b5 22. Qc2 Bd4 23. Rg1 Rf7 24. Bf6 c5 25. Qd2 Qd7 26. Nh5 Nc6 27. Bg7 Qc7 28. Nf6+ Rxf6 29. Bxf6 Rf8 30. Qg5 b4 31. Rg2 a5 32. f4 c4 33. dxc4 dxc4 34. f5 Qf7 35. Rh2 Re8 36. fxg6 Qd7 37. Qh5 Bxe5 38. gxh7+ Kxh7 39. g5 Qd1+ 40. Kg2 Bxf6 41. g6+ Kh8 42. g7+ Kg8 43. h7+ Kxg7 44. h8=Q+ Rxh8 45. Qxh8+ Kf7 46. Rh7+ Bg7 47. Qxg7+ Ke8 48. Rh8# 1-0


[Site "https://www.chess.com"]

[Event "Titled Tuesday Blitz February 21 Late 2023"]
[White "Coelho, Ramyres Santana"]
[Black "Skvortsov, Andrei"]
[WhiteFideId "2120690"]
[BlackFideId "24108600"]
[WhiteElo "1981"]
[BlackElo "2313"]
[Result "0-1"]
[Round "09"]
[TimeControl "180+2"]
[Date "2023.02.21"]
[WhiteClock "0:01:51"]
[BlackClock "0:02:01"]

1. e4 d5 2. exd5 Qxd5 3. Nc3 Qe5+ 4. Be2 Bg4 5. d4 Bxe2 6. Qxe2 Qxd4 7. Be3 Qb4 8. Rd1 e6 9. Nf3 Nf6 10. O-O Nbd7 11. Nb5 Bd6 12. Nxd6+ cxd6 13. c3 Qa4 14. Rxd6 O-O 15. b3 Qe4 16. Rfd1 Ne5 17. Nxe5 Qxe5 18. Qd2 Ne4 19. Qd4 Qxd6 20. Qxd6 Nxd6 21. Rxd6 Rfd8 22. Rxd8+ Rxd8 23. Kf1 Rd1+ 24. Ke2 Ra1 25. Bxa7 Rxa2+ 26. Kf3 Rxa7 0-1


[Site "https://www.chess.com"]

[Event "Titled Tuesday Blitz February 21 Late 2023"]
[White "Manelyuk, Daniil"]
[Black "Buganca, Luiz Henrique Da Silva"]
[WhiteFideId "44173920"]
[BlackFideId "2182289"]
[WhiteElo "2302"]
[BlackElo "1920"]
[Result "1-0"]
[Round "09"]
[TimeControl "180+2"]
[Date "2023.02.21"]
[WhiteClock "0:00:58"]
[BlackClock "0:00:20"]

1. e4 c5 2. Nf3 Nc6 3. d4 cxd4 4. Nxd4 g6 5. c4 Bg7 6. Be3 Nf6 7. Nc3 O-O 8. Be2 d6 9. O-O Bd7 10. Qd2 Rc8 11. Rab1 Ng4 12. Bxg4 Bxg4 13. Nxc6 bxc6 14. b4 a5 15. a3 Rb8 16. bxa5 Qxa5 17. Nd5 Rxb1 18. Nxe7+ Kh8 19. Qxa5 Rxf1+ 20. Kxf1 Rb8 21. f3 Be6 22. Qc7 Bxc4+ 23. Kf2 Rb2+ 24. Kg3 Be5+ 25. f4 Rb3 26. fxe5 Rxe3+ 27. Kf4 1-0


[Site "https://www.chess.com"]

[Event "Titled Tuesday Blitz February 21 Late 2023"]
[White "Rego, Pedro Filipe"]
[Black "Vovk, Orest"]
[WhiteFideId "1904310"]
[BlackFideId "14113490"]
[WhiteElo "2312"]
[BlackElo "2315"]
[Result "1-0"]
[Round "09"]
[TimeControl "180+2"]
[Date "2023.02.21"]
[WhiteClock "0:00:43"]
[BlackClock "0:00:15"]

1. c4 g5 2. d4 h6 3. Nc3 Bg7 4. g3 c5 5. Nf3 g4 6. Ne5 d6 7. Nd3 Bxd4 8. Bg2 Bxc3+ 9. bxc3 Qa5 10. O-O Nf6 11. Rb1 Qxc3 12. Bb2 Qxc4 13. Bxf6 exf6 14. Rxb7 d5 15. Rc7 Na6 16. Rc6 Be6 17. Nf4 Kd7 18. Nxd5 Bxd5 19. Bxd5 Qb5 20. Rxa6 Qxa6 21. Bxa8+ Ke7 22. Be4 Qxa2 23. Qc1 c4 24. Qe3 Kf8 25. Rc1 Kg7 26. Bd5 Qb2 27. Rxc4 h5 28. Rc7 Rf8 29. Qxa7 Qe5 30. Rxf7+ Rxf7 31. Qxf7+ Kh6 32. Qe6 Qa1+ 33. Kg2 Qb2 34. Be4 h4 35. Qxg4 hxg3 1-0


[Site "https://www.chess.com"]

[Event "Titled Tuesday Blitz February 21 Late 2023"]
[White "Chor, Kevin"]
[Black "Prieto Aranguren, Alain"]
[WhiteFideId "2090740"]
[BlackFideId "2268906"]
[WhiteElo "1944"]
[BlackElo "2258"]
[Result "1-0"]
[Round "09"]
[TimeControl "180+2"]
[Date "2023.02.21"]
[WhiteClock "0:00:29"]
[BlackClock "0:00:05"]

1. e4 c6 2. d4 d5 3. exd5 cxd5 4. c4 Nf6 5. Nc3 Nc6 6. Bf4 dxc4 7. d5 Na5 8. Be2 g6 9. Nb5 Bg7 10. Nc7+ Kf8 11. Nxa8 Nxd5 12. Bc7 Qd7 13. Bxa5 Bxb2 14. Rb1 c3 15. Qd4 Kg8 16. Rxb2 cxb2 17. Qxb2 b6 18. Bc3 f6 19. Bc4 Bb7 20. Nxb6 axb6 21. Qxb6 Kg7 22. Bxd5 Qxd5 23. Nf3 Qe4+ 24. Qe3 Qb1+ 25. Ke2 Qxh1 26. Qxe7+ Kh6 27. Bxf6 Ba6+ 28. Kd2 Qxg2 29. Bg7+ Kh5 30. Qh4# 1-0


[Site "https://www.chess.com"]

[Event "Titled Tuesday Blitz February 21 Late 2023"]
[White "Pakleza, Zbigniew"]
[Black "mohsengabr2002"]
[WhiteFideId "1119290"]
[WhiteElo "2494"]
[BlackElo "2349"]
[Result "1-0"]
[Round "09"]
[TimeControl "180+2"]
[Date "2023.02.21"]
[WhiteClock "0:00:13"]
[BlackClock "0:00:05"]

1. d4 d5 2. Bf4 c6 3. e3 Qb6 4. Qc1 Bf5 5. c4 e6 6. Nc3 Nd7 7. Nf3 Ngf6 8. h3 Be7 9. Be2 O-O 10. c5 Qd8 11. b4 Ne4 12. O-O Rc8 13. Rd1 Nxc3 14. Qxc3 Bf6 15. Rac1 a6 16. a4 h6 17. Qb3 g5 18. Bd6 Be7 19. Bh2 f6 20. b5 axb5 21. axb5 e5 22. Ra1 Rf7 23. Ra7 Rb8 24. Qa4 Qc8 25. Qa2 Rf8 26. Ra1 Bg6 27. Nd2 f5 28. bxc6 bxc6 29. Ba6 Qe8 30. Qa4 f4 31. Qxc6 Nxc5 32. Qxd5+ Bf7 33. Qxe5 Nxa6 34. Rxe7 Qb5 35. exf4 gxf4 36. Bxf4 Qxe5 37. Bxe5 Rb2 38. Rxa6 Rxd2 39. Rxh6 1-0


[Site "https://www.chess.com"]